[Event "Eurasia Open Cup 2019"]
[Site "Ekaterinburg"]
[Date "2019.08.06"]
[Round "6.16"]
[White "Drygalov, Andrey"]
[Black "Bublei, Pavel"]
[Result "1-0"]
[ECO "B12"]
[WhiteElo "2494"]
[BlackElo "2353"]
[Annotator "ChessBase"]
[PlyCount "47"]
[EventDate "2019.07.31"]
[EventType "swiss"]
[EventCountry "RUS"]
[SourceTitle "playchess.com"]
[Source "ChessBase"]
[SourceQuality "1"]
[TimeControl "5400+30"]

1. e4 c6 2. d4 d5 3. e5 Bf5 4. Nf3 e6 5. Be2 Nd7 6. O-O Ne7 7. Nbd2 h6 8. Nb3 g5 9. Ne1 Qc7 10. Bh5 Bg7 11. f4 gxf4 12. Bxf4 Bg6 13. Nd3 b6 14. Bg3 Nf5 15. Bf2 Nf8 16. Nf4 O-O-O 17. Qg4 Rg8 18. Rac1 Kb8 19. c4 Qd7 20. cxd5 cxd5 21. Rc3 Bxh5 22. Nxh5 Ng6 23. Qf3 Nh8 24. Rfc1 1-0

[Event "Eurasia Open Cup 2019"]
[Site "Ekaterinburg"]
[Date "2019.08.06"]
[Round "6.17"]
[White "Ovchinnikov, Vsevolod"]
[Black "Kezin, Roman"]
[Result "1/2-1/2"]
[ECO "E05"]
[WhiteElo "2346"]
[BlackElo "2470"]
[Annotator "ChessBase"]
[PlyCount "107"]
[EventDate "2019.07.31"]
[EventType "swiss"]
[EventCountry "RUS"]
[SourceTitle "playchess.com"]
[Source "ChessBase"]
[SourceQuality "1"]
[TimeControl "5400+30"]

1. d4 d5 2. c4 e6 3. Nf3 Nf6 4. g3 Be7 5. Bg2 O-O 6. O-O dxc4 7. Qa4 a6 8. Qxc4 b5 9. Qc2 Bb7 10. Bd2 Ra7 11. Rc1 Be4 12. Qb3 Nc6 13. e3 Qa8 14. Qd1 b4 15. Qf1 a5 16. Be1 a4 17. Nfd2 Bxg2 18. Qxg2 Nd5 19. Nf3 a3 20. bxa3 bxa3 21. Nc3 Rb8 22. Nxd5 exd5 23. Qh3 Bd6 24. Qf5 Ne7 25. Qd3 h6 26. Bc3 Nc8 27. Nd2 Nb6 28. Rab1 Na4 29. Rxb8+ Qxb8 30. Nb3 Nb2 31. Qe2 Na4 32. Ba1 Qe8 33. Qc2 Nb6 34. Rb1 Qa4 35. Bc3 Ra8 36. Na1 Qc4 37. Bb4 Bxb4 38. Qxc4 Nxc4 39. Rxb4 Ra6 40. Nc2 Rc6 41. Rb5 Rd6 42. Nb4 Kh7 43. Kf1 Nd2+ 44. Ke1 Ne4 45. f3 Nc3 46. Rc5 Rb6 47. Rxc3 Rxb4 48. Rxa3 Rb1+ 49. Ke2 Rb2+ 50. Kd3 Rxh2 51. Ra7 Rf2 52. f4 Kg6 53. Rxc7 Rxa2 54. Rd7 1/2-1/2

[Event "Eurasia Open Cup 2019"]
[Site "Ekaterinburg"]
[Date "2019.08.06"]
[Round "6.18"]
[White "Ulybin, Mikhail"]
[Black "Lysenko, Margarita"]
[Result "1-0"]
[ECO "B51"]
[WhiteElo "2469"]
[BlackElo "2224"]
[Annotator "ChessBase"]
[PlyCount "117"]
[EventDate "2019.07.31"]
[EventType "swiss"]
[EventCountry "RUS"]
[SourceTitle "playchess.com"]
[Source "ChessBase"]
[SourceQuality "1"]
[TimeControl "5400+30"]

1. e4 c5 2. Nf3 d6 3. Bb5+ Nd7 4. O-O a6 5. Bd3 Ngf6 6. c3 e6 7. Bc2 b5 8. d4 Bb7 9. Re1 cxd4 10. cxd4 Be7 11. Nbd2 e5 12. Nf1 O-O 13. Ng3 g6 14. Bb3 exd4 15. Bh6 Re8 16. Ng5 d5 17. exd5 Bxd5 18. Bxd5 Nxd5 19. Qxd4 N7f6 20. N3e4 Nc7 21. Qe5 Nh5 22. Rad1 Qb8 23. Rd7 Bf8 24. Qxc7 Qxc7 25. Rxc7 Bxh6 26. Nxf7 Bg7 27. Kf1 Nf6 28. Nh6+ Kh8 29. Nf7+ Kg8 30. Nh6+ Kh8 31. Nxf6 Rxe1+ 32. Kxe1 Bxf6 33. b3 a5 34. Ng4 Ba1 35. Kd2 b4 36. f4 Bc3+ 37. Ke3 Re8+ 38. Kf3 Rd8 39. Ra7 Rd3+ 40. Ke4 Rd2 41. Rxa5 Rxg2 42. Ra8+ Kg7 43. Ra7+ Kh8 44. Kf3 Rd2 45. Ra8+ Kg7 46. h4 Rd3+ 47. Ke4 Rh3 48. Ra7+ Kh8 49. Ra8+ Kg7 50. Ra7+ Kh8 51. Ne3 Rxh4 52. Nd5 g5 53. a4 gxf4 54. a5 Ba1 55. a6 f3+ 56. Kxf3 Rh3+ 57. Ke4 Rxb3 58. Rb7 Ra3 59. a7 1-0

[Event "Eurasia Open Cup 2019"]
[Site "Ekaterinburg"]
[Date "2019.08.06"]
[Round "6.19"]
[White "Pogromsky, Mikhail"]
[Black "Ufimtsev, Egor"]
[Result "1-0"]
[ECO "D37"]
[WhiteElo "2414"]
[BlackElo "2148"]
[Annotator "NA"]
[PlyCount "63"]
[EventDate "2019.07.31"]
[EventType "swiss"]
[EventCountry "RUS"]
[SourceTitle "playchess.com"]
[Source "ChessBase"]
[SourceQuality "1"]
[TimeControl "5400+30"]

1. d4 d5 2. Nf3 Nf6 3. Bf4 e6 4. e3 Be7 5. c4 O-O 6. Nc3 c6 7. h3 Nbd7 8. Bd3 b6 9. cxd5 exd5 10. O-O Bb7 11. a3 c5 12. Ne5 Rc8 13. Qf3 g6 14. Rad1 Nxe5 15. dxe5 Nh5 16. Bh6 Ng7 17. Bb1 Qc7 18. Nxd5 Qxe5 19. Qg3 Qe6 20. Bxg7 Kxg7 21. Bf5 Qxf5 22. Nxe7 Qf6 23. Nxc8 Rxc8 24. Rd2 c4 25. Qd6 Qg5 26. f4 Qg3 27. Qe5+ Kg8 28. Qe7 Bc6 29. Rff2 b5 30. Rd8+ Rxd8 31. Qxd8+ Kg7 32. Qd4+ 1-0

[Event "Eurasia Open Cup 2019"]
[Site "Ekaterinburg"]
[Date "2019.08.06"]
[Round "6.20"]
[White "Gabdrakhmanov, Azat"]
[Black "Kopylov, Alexander A."]
[Result "1/2-1/2"]
[ECO "C79"]
[WhiteElo "2111"]
[BlackElo "2410"]
[Annotator "NA"]
[PlyCount "148"]
[EventDate "2019.07.31"]
[EventType "swiss"]
[EventCountry "RUS"]
[SourceTitle "playchess.com"]
[Source "ChessBase"]
[SourceQuality "1"]
[TimeControl "5400+30"]

1. e4 e5 2. Nf3 Nc6 3. Bb5 a6 4. Ba4 d6 5. O-O Bd7 6. c3 Nf6 7. Re1 g6 8. d4 Bg7 9. Nbd2 O-O 10. Nf1 Qe8 11. Bc2 Nh5 12. Ne3 Rc8 13. h3 Kh8 14. Nd5 f5 15. exf5 gxf5 16. Nf4 e4 17. d5 Ne7 18. Nh2 Nxf4 19. Bxf4 Qf7 20. Bb3 Ng6 21. Be3 Rce8 22. f4 Qe7 23. Qd2 c5 24. dxc6 bxc6 25. Rad1 d5 26. Qf2 Be6 27. g3 Rg8 28. Bc5 Qf7 29. Kh1 Nf8 30. Nf1 Nd7 31. Bd4 Rc8 32. Ne3 Bxd4 33. Rxd4 c5 34. Rd2 c4 35. Bc2 Nc5 36. Kh2 Nd3 37. Bxd3 cxd3 38. Ng2 Rc4 39. Qb6 Qg6 40. Re3 Bc8 41. Qa5 Qc6 42. Qa3 Ra4 43. Qe7 Re8 44. Qh4 Rxa2 45. g4 Ra1 46. Rg3 fxg4 47. hxg4 Qd6 48. Qh5 Re7 49. Rf2 Bd7 50. Ne3 d4 51. cxd4 Qxd4 52. Qh4 Rg7 53. Rh3 Rb1 54. Qd8+ Rg8 55. Qe7 Qg7 56. Qxe4 Rxb2 57. Rxh7+ Qxh7+ 58. Qxh7+ Kxh7 59. Rxb2 Bxg4 60. Nxg4 Rxg4 61. Rd2 Rxf4 62. Rxd3 a5 63. Kg3 Rf5 64. Kg4 Kg6 65. Rd8 Rf1 66. Ra8 Ra1 67. Kf4 Kf6 68. Ke4 Ke6 69. Kd4 Kd6 70. Kc4 Kc6 71. Ra6+ Kb7 72. Rh6 Rb1 73. Rh7+ Kb8 74. Rh8+ Ka7 1/2-1/2

[Event "Eurasia Open Cup 2019"]
[Site "Ekaterinburg"]
[Date "2019.08.06"]
[Round "6.21"]
[White "Radzhabov, Rodion"]
[Black "Averyanov, Grigori"]
[Result "0-1"]
[ECO "B84"]
[WhiteElo "2404"]
[BlackElo "2131"]
[Annotator "NA"]
[PlyCount "164"]
[EventDate "2019.07.31"]
[EventType "swiss"]
[EventCountry "RUS"]
[SourceTitle "playchess.com"]
[Source "ChessBase"]
[SourceQuality "1"]
[TimeControl "5400+30"]

1. e4 c5 2. Nc3 e6 3. Nf3 a6 4. d4 cxd4 5. Nxd4 Qc7 6. Be2 Nf6 7. O-O d6 8. a4 b6 9. f4 Bb7 10. Bf3 Nbd7 11. Kh1 e5 12. Nf5 Rc8 13. Qe1 g6 14. Ne3 exf4 15. Ned5 Bxd5 16. exd5+ Ne5 17. Bxf4 Nfd7 18. Be2 Ra8 19. Qd2 Bg7 20. Bh6 O-O 21. Bxg7 Kxg7 22. Ne4 f6 23. Ra3 Nc5 24. Nf2 a5 25. Bb5 f5 26. Nh3 Qe7 27. Nf4 Kg8 28. Qe1 g5 29. Ne2 f4 30. Nd4 Qf7 31. Nf3 Nxf3 32. Raxf3 Qxd5 33. Qc3 Qe5 34. Qd2 Ne4 35. Qd1 d5 36. Rd3 Rad8 37. c3 Rf6 38. Kg1 Rh6 39. Qf3 Qd6 40. Rd4 Nf6 41. Re1 Qc7 42. Re6 Rd6 43. Re5 Rg6 44. Qe2 Kf8 45. h4 h6 46. h5 Rg8 47. Re6 Rxe6 48. Qxe6 Qe7 49. Qxb6 Qe3+ 50. Kf1 Kg7 51. Qc7+ Kh8 52. Bd7 Qe7 53. Qc6 Kg7 54. Rxd5 Nxd5 55. Qxd5 Rd8 56. Qd4+ Qf6 57. Qa7 Kh8 58. Bg4 f3 59. gxf3 Qe5 60. Qf2 Rd1+ 61. Kg2 Qf4 62. Qc5 Qd2+ 63. Qf2 Qc1 64. f4 Rd2 65. Be2 Qxb2 66. Kf1 Qb1+ 67. Qe1 Qxe1+ 68. Kxe1 Rd8 69. fxg5 hxg5 70. Kf2 Kg7 71. Ke3 Kf6 72. c4 Ke5 73. Bf3 Rc8 74. Kd3 Kf4 75. Bd5 Ke5 76. Bf3 Rf8 77. Bb7 Rf4 78. Bg2 Kd6 79. Bd5 Kc5 80. Ke3 Kb4 81. Bg8 Rh4 82. Bf7 Kxa4 0-1

[Event "Eurasia Open Cup 2019"]
[Site "Ekaterinburg"]
[Date "2019.08.06"]
[Round "6.22"]
[White "Mamatov, Melis"]
[Black "Kanter, Eduard"]
[Result "0-1"]
[ECO "B76"]
[WhiteElo "2269"]
[BlackElo "2384"]
[Annotator "NA"]
[PlyCount "85"]
[EventDate "2019.07.31"]
[EventType "swiss"]
[EventCountry "RUS"]
[SourceTitle "playchess.com"]
[Source "ChessBase"]
[SourceQuality "1"]
[TimeControl "5400+30"]

1. e4 c5 2. Nf3 d6 3. d4 cxd4 4. Nxd4 Nf6 5. Nc3 g6 6. Be3 Bg7 7. f3 O-O 8. Qd2 Nc6 9. g4 Be6 10. Nxe6 fxe6 11. h4 d5 12. g5 d4 13. gxf6 Bxf6 14. O-O-O dxc3 15. Qxd8 cxb2+ 16. Kb1 Raxd8 17. Bc4 Rxd1+ 18. Rxd1 Bxh4 19. Bxe6+ Kg7 20. f4 Bg3 21. f5 Be5 22. Rh1 h5 23. Rg1 Rf6 24. Bg5 Rxe6 25. fxe6 Nd4 26. Bxe7 Nxe6 27. Rf1 g5 28. Rf5 Bf4 29. Bf6+ Kh7 30. Be5 Ng7 31. Rxf4 gxf4 32. Bxf4 Ne6 33. Be3 a6 34. Kxb2 h4 35. Kc3 h3 36. Bg1 Kg6 37. Kd3 Kg5 38. Bh2 Kg4 39. Kc4 Kf3 40. Kd5 Kg2 41. Bd6 Ng7 42. c4 Nh5 43. Kd4 0-1

[Event "Eurasia Open Cup 2019"]
[Site "Ekaterinburg"]
[Date "2019.08.06"]
[Round "6.23"]
[White "Sivuk, Vitaly"]
[Black "Isaev, Anton"]
[Result "1/2-1/2"]
[ECO "D12"]
[WhiteElo "2546"]
[BlackElo "2191"]
[Annotator "ChessBase"]
[PlyCount "162"]
[EventDate "2019.07.31"]
[EventType "swiss"]
[EventCountry "RUS"]
[SourceTitle "playchess.com"]
[Source "ChessBase"]
[SourceQuality "1"]
[TimeControl "5400+30"]

1. d4 Nf6 2. c4 c6 3. Nf3 d5 4. e3 Bf5 5. Nc3 e6 6. Nh4 Bg6 7. Nxg6 hxg6 8. Bd3 Nbd7 9. O-O Bd6 10. h3 O-O 11. Qc2 Rc8 12. c5 Bc7 13. f4 Ne8 14. b4 f5 15. g4 Qh4 16. Qg2 Kf7 17. Bd2 Rh8 18. g5 Qxh3 19. Qxh3 Rxh3 20. Kg2 Rh4 21. Be2 a5 22. a3 b5 23. Rfb1 a4 24. Nxb5 cxb5 25. Bxb5 Ke7 26. Bxa4 Bb8 27. Bd1 Nc7 28. Be1 Rh7 29. Be2 e5 30. dxe5 d4 31. exd4 Ne6 32. Bg3 Nxd4 33. Ba6 Rc6 34. Bd3 Ba7 35. Rd1 Bxc5 36. bxc5 Nxc5 37. Ra2 Na4 38. Rb1 Rc3 39. Rb7+ Ke6 40. Rd2 Nc5 41. Rb6+ Ke7 42. Bb1 Nf3 43. Rc2 Rh2+ 44. Bxh2 Ne1+ 45. Kh1 Nxc2 46. Bg1 Ne4 47. Rxg6 Ne1 48. Bxe4 Rh3+ 49. Bh2 fxe4 50. Rxg7+ Ke6 51. g6 Rf3 52. f5+ Rxf5 53. Rf7 Rxf7 54. gxf7 Kxf7 55. a4 Nc2 56. a5 Nb4 57. Kg2 Ke6 58. Kf2 Kd5 59. Ke2 Na6 60. Bf4 Nb4 61. Bg3 Na6 62. Kd2 Nb4 63. Kc3 Na6 64. Kc2 Nc5 65. Kc3 Na6 66. Kb3 Nc5+ 67. Kb4 e3 68. Kb5 e2 69. Bh4 Ne6 70. Kb6 Nc5 71. Bg3 Nd7+ 72. Kc7 Nxe5 73. a6 Nc6 74. Kb6 Ne7 75. Kb7 Nc6 76. Bf2 Na5+ 77. Kb6 Nc6 78. Kc7 Na7 79. Kb6 Nc6 80. Bg3 Ne7 81. Kc7 Nc6 1/2-1/2

[Event "Eurasia Open Cup 2019"]
[Site "Ekaterinburg"]
[Date "2019.08.06"]
[Round "6.24"]
[White "Bivol, Alina"]
[Black "Safin, Robert"]
[Result "1-0"]
[ECO "B40"]
[WhiteElo "2391"]
[BlackElo "2188"]
[Annotator "NA"]
[PlyCount "119"]
[EventDate "2019.07.31"]
[EventType "swiss"]
[EventCountry "RUS"]
[SourceTitle "playchess.com"]
[Source "ChessBase"]
[SourceQuality "1"]
[TimeControl "5400+30"]

1. e4 c5 2. Nf3 e6 3. d4 cxd4 4. Nxd4 Nf6 5. Bd3 e5 6. Nf3 Be7 7. c4 Nc6 8. Nc3 O-O 9. O-O h6 10. h3 Bc5 11. Nd5 d6 12. Bd2 Nxd5 13. cxd5 Nd4 14. b4 Nxf3+ 15. Qxf3 Bd4 16. Rab1 Bd7 17. Kh1 Qh4 18. Be3 Bxe3 19. Qxe3 Qf4 20. Qxf4 exf4 21. Rb3 Rfc8 22. Ra3 Rc7 23. Kh2 b6 24. e5 dxe5 25. d6 Rcc8 26. Be4 Rab8 27. Rxa7 Rd8 28. Rd1 b5 29. Bd5 Kf8 30. Bb3 Rb6 31. f3 f6 32. Rc7 Be8 33. d7 Bg6 34. g3 fxg3+ 35. Kxg3 Ke7 36. f4 Bf5 37. fxe5 Rxd7 38. Rdxd7+ Bxd7 39. e6 Rxe6 40. Bxe6 Kxe6 41. h4 Kd6 42. Ra7 g6 43. Kf3 g5 44. hxg5 hxg5 45. Ra6+ Ke5 46. Ra7 Kd6 47. Ke4 f5+ 48. Kd4 f4 49. Ra6+ Ke7 50. Ke4 Kf7 51. Rb6 Bh3 52. Rxb5 Kg6 53. Kf3 Kh5 54. Rb8 Bg4+ 55. Kf2 Be6 56. Rh8+ Kg6 57. b5 g4 58. Rd8 Bf5 59. Rd4 Kg5 60. Rd5 1-0

[Event "Eurasia Open Cup 2019"]
[Site "Ekaterinburg"]
[Date "2019.08.06"]
[Round "6.25"]
[White "Kotlyar, Kirill"]
[Black "Kyshtymov, Daniil"]
[Result "1-0"]
[ECO "B07"]
[WhiteElo "2387"]
[BlackElo "2176"]
[Annotator "NA"]
[PlyCount "99"]
[EventDate "2019.07.31"]
[EventType "swiss"]
[EventCountry "RUS"]
[SourceTitle "playchess.com"]
[Source "ChessBase"]
[SourceQuality "1"]
[TimeControl "5400+30"]

1. d4 Nf6 2. g3 g6 3. Bg2 Bg7 4. e4 d6 5. Nc3 O-O 6. Nge2 Nbd7 7. O-O c6 8. a4 Qc7 9. h3 e5 10. Be3 Re8 11. g4 exd4 12. Bxd4 h5 13. g5 Nh7 14. Bxg7 Kxg7 15. Qd4+ Kg8 16. f4 Ndf8 17. Rad1 Rd8 18. Rd2 a6 19. b4 b5 20. a5 Bb7 21. Na2 c5 22. Qc3 Qe7 23. Qf3 Rac8 24. h4 Qe6 25. Nac3 Qc4 26. bxc5 dxc5 27. Nd5 Bxd5 28. exd5 Qb4 29. Qc3 Qxc3 30. Nxc3 c4 31. d6 Ne6 32. Bb7 Rc5 33. Bxa6 b4 34. Ne4 c3 35. Rd3 Rxa5 36. Bc4 Nc5 37. Rd5 Nxe4 38. Rxa5 Nd2 39. Rfa1 Rxd6 40. Bd5 Nf8 41. Rb5 Rd8 42. Ra4 b3 43. Bxb3 Nxb3 44. Rxb3 Rd1+ 45. Kf2 Rd2+ 46. Ke3 Rxc2 47. Ra8 Rb2 48. Rxc3 Kg7 49. Rcc8 Rb3+ 50. Kd2 1-0

[Event "Eurasia Open Cup 2019"]
[Site "Ekaterinburg"]
[Date "2019.08.06"]
[Round "6.26"]
[White "Tunik, Gennady"]
[Black "Kavyev, Ruslan"]
[Result "1/2-1/2"]
[ECO "D11"]
[WhiteElo "2371"]
[BlackElo "2167"]
[Annotator "NA"]
[PlyCount "80"]
[EventDate "2019.07.31"]
[EventType "swiss"]
[EventCountry "RUS"]
[SourceTitle "playchess.com"]
[Source "ChessBase"]
[SourceQuality "1"]
[TimeControl "5400+30"]

1. Nf3 Nf6 2. c4 c6 3. d4 d5 4. Qc2 g6 5. cxd5 cxd5 6. Bf4 Nc6 7. e3 Bg7 8. h3 O-O 9. Be2 Qb6 10. O-O Bf5 11. Qb3 Qxb3 12. axb3 Rfc8 13. Nc3 Nb4 14. Rfc1 Nd3 15. Bxd3 Bxd3 16. g4 e6 17. Ne5 Ba6 18. f3 Bf8 19. Kf2 Be7 20. Ke1 Kf8 21. Kd2 Ke8 22. Ra4 Nd7 23. Nxd7 Kxd7 24. Rca1 Rc6 25. b4 Rb6 26. b5 Bxb5 27. Rxa7 Rxa7 28. Rxa7 Bc6 29. Kc2 Ra6 30. Rxa6 bxa6 31. Bg3 Bb4 32. Na2 Be7 33. Nc1 Bb5 34. Nd3 Bxd3+ 35. Kxd3 Kc6 36. b3 Kb5 37. Be1 Bd6 38. Kc2 Be7 39. Kd3 Bd6 40. Kc2 Be7 1/2-1/2

[Event "Eurasia Open Cup 2019"]
[Site "Ekaterinburg"]
[Date "2019.08.06"]
[Round "6.27"]
[White "Postnikov, Daniil"]
[Black "Yangutov, Aleksey"]
[Result "1-0"]
[ECO "B33"]
[WhiteElo "2354"]
[BlackElo "2157"]
[Annotator "NA"]
[PlyCount "58"]
[EventDate "2019.07.31"]
[EventType "swiss"]
[EventCountry "RUS"]
[SourceTitle "playchess.com"]
[Source "ChessBase"]
[SourceQuality "1"]
[TimeControl "5400+30"]

1. e4 c5 2. Nf3 Nc6 3. d4 cxd4 4. Nxd4 Nf6 5. Nc3 e5 6. Ndb5 d6 7. Bg5 a6 8. Na3 b5 9. Nd5 Be7 10. Bxf6 Bxf6 11. c4 b4 12. Nc2 O-O 13. g3 Bg5 14. Bg2 Qa5 15. O-O Qc5 16. b3 a5 17. Qd3 Be6 18. Rad1 Ra7 19. Kh1 a4 20. f4 Bd8 21. Nde3 axb3 22. axb3 Nd4 23. Nxd4 exd4 24. Nc2 Ra2 25. Nxd4 Bg4 26. Rd2 Rxd2 27. Qxd2 Bf6 28. Nb5 Rd8 29. f5 Qc8 1-0

[Event "Eurasia Open Cup 2019"]
[Site "Ekaterinburg"]
[Date "2019.08.06"]
[Round "6.28"]
[White "Dilmukhametov, Artur"]
[Black "Nosacheva, Mariya"]
[Result "1-0"]
[ECO "D01"]
[WhiteElo "2346"]
[BlackElo "2150"]
[Annotator "NA"]
[PlyCount "69"]
[EventDate "2019.07.31"]
[EventType "swiss"]
[EventCountry "RUS"]
[SourceTitle "playchess.com"]
[Source "ChessBase"]
[SourceQuality "1"]
[TimeControl "5400+30"]

1. d4 Nf6 2. Nc3 d5 3. Nf3 c5 4. Bg5 Ne4 5. e3 Qa5 6. Bb5+ Nc6 7. O-O Bg4 8. Bxc6+ bxc6 9. Nxe4 dxe4 10. Qd2 Qxd2 11. Nxd2 O-O-O 12. Nb3 f6 13. Bf4 g5 14. Bg3 cxd4 15. exd4 Bh5 16. Rae1 e5 17. dxe5 f5 18. f4 exf3 19. gxf3 f4 20. Bf2 Bxf3 21. e6 Re8 22. Bd4 Bd5 23. Bxh8 Bxb3 24. axb3 Bc5+ 25. Kg2 Rxh8 26. Re5 Be7 27. Ra1 Kb7 28. Rd1 Kb6 29. Rd7 Re8 30. Rf5 Bc5 31. e7 h5 32. Rxg5 Bxe7 33. Re5 Rg8+ 34. Kf3 Bf6 35. Rxh5 1-0

[Event "Eurasia Open Cup 2019"]
[Site "Ekaterinburg"]
[Date "2019.08.06"]
[Round "6.29"]
[White "Klukin, Kirill"]
[Black "Tyurin, Ilya"]
[Result "0-1"]
[ECO "D12"]
[WhiteElo "2325"]
[BlackElo "2168"]
[Annotator "NA"]
[PlyCount "62"]
[EventDate "2019.07.31"]
[EventType "swiss"]
[EventCountry "RUS"]
[SourceTitle "playchess.com"]
[Source "ChessBase"]
[SourceQuality "1"]
[TimeControl "5400+30"]

1. Nf3 d5 2. d4 Nf6 3. c4 c6 4. e3 Bf5 5. Nc3 e6 6. Nh4 Be4 7. f3 Bg6 8. Qb3 Qc7 9. Bd2 Be7 10. Rc1 Nbd7 11. g3 dxc4 12. Bxc4 a6 13. Kf2 b5 14. Be2 O-O 15. Nxg6 hxg6 16. Kg2 c5 17. dxc5 Bxc5 18. g4 Qa7 19. g5 Nd5 20. e4 Nxc3 21. Rxc3 Bd4 22. Rc2 Nc5 23. Qa3 e5 24. Rhc1 Ne6 25. Rc6 Rfd8 26. b4 Bg1 27. Be1 Be3 28. Rd1 Nf4+ 29. Kh1 Nxe2 30. Rxa6 Rxd1 31. Rxa7 Rxe1+ 0-1

[Event "Eurasia Open Cup 2019"]
[Site "Ekaterinburg"]
[Date "2019.08.06"]
[Round "6.30"]
[White "Inozemtsev, Sergei"]
[Black "Voinikonis, Nikita"]
[Result "1/2-1/2"]
[ECO "B51"]
[WhiteElo "2295"]
[BlackElo "2137"]
[Annotator "NA"]
[PlyCount "96"]
[EventDate "2019.07.31"]
[EventType "swiss"]
[EventCountry "RUS"]
[SourceTitle "playchess.com"]
[Source "ChessBase"]
[SourceQuality "1"]
[TimeControl "5400+30"]

1. e4 c5 2. Nf3 d6 3. Bb5+ Nd7 4. d4 cxd4 5. Qxd4 a6 6. Bxd7+ Bxd7 7. c4 b5 8. Nc3 e5 9. Qd3 bxc4 10. Qxc4 Be6 11. Qd3 Be7 12. O-O Nf6 13. Rd1 O-O 14. Ne1 Qc8 15. Nc2 d5 16. exd5 Nxd5 17. Bd2 Rd8 18. Qe2 Nxc3 19. Bxc3 Rxd1+ 20. Qxd1 f6 21. Ne3 Qc6 22. Rc1 Rd8 23. Qe1 Qb5 24. a3 Bb3 25. h3 Bc5 26. Bb4 Bd4 27. Qd2 Qd7 28. Qd3 Bf7 29. Bc3 Qb5 30. Qd2 Bb6 31. Qe1 Bb3 32. Bd2 a5 33. Nf1 a4 34. Bb4 h6 35. Qe4 Bd5 36. Qg4 Qd7 37. Qg3 Bb7 38. Ne3 Qe6 39. Qg6 Qf7 40. Qg4 Bxe3 41. fxe3 f5 42. Qe2 Qg6 43. Qf2 Rd3 44. Rc3 Rd1+ 45. Kh2 Kh7 46. Rc7 Bd5 47. Rd7 Bb3 48. Bc3 f4 1/2-1/2

[Event "Eurasia Open Cup 2019"]
[Site "Ekaterinburg"]
[Date "2019.08.06"]
[Round "6.31"]
[White "Skvortsov, Andrei"]
[Black "Karpeshov, Oleg"]
[Result "0-1"]
[ECO "B12"]
[WhiteElo "2186"]
[BlackElo "2286"]
[Annotator "NA"]
[PlyCount "126"]
[EventDate "2019.07.31"]
[EventType "swiss"]
[EventCountry "RUS"]
[SourceTitle "playchess.com"]
[Source "ChessBase"]
[SourceQuality "1"]
[TimeControl "5400+30"]

1. e4 c6 2. d4 d5 3. e5 Bf5 4. h4 h5 5. Bg5 Qb6 6. Bd3 Bxd3 7. Qxd3 e6 8. Nd2 Qa6 9. Qxa6 Nxa6 10. c3 c5 11. Ngf3 f6 12. Be3 Nh6 13. Ke2 Nf5 14. Ne1 Be7 15. Nd3 Rc8 16. Nf3 Kf7 17. Rac1 b5 18. a3 Rc7 19. b4 cxd4 20. cxd4 Rc4 21. Nb2 Rcc8 22. g3 Nb8 23. Nd3 Nc6 24. exf6 gxf6 25. Rxc6 Rxc6 26. Nfe5+ fxe5 27. Nxe5+ Kg7 28. Nxc6 a6 29. Rc1 Rc8 30. Kd3 Bd6 31. Bg5 Rc7 32. Rc3 Kg6 33. Bd8 Rf7 34. Bg5 Rc7 35. Rc2 Ng7 36. Nd8 Rxc2 37. Kxc2 Bc7 38. Nb7 Bb6 39. Kd3 e5 40. Nc5 e4+ 41. Kc3 Nf5 42. Nb3 Nd6 43. Bf4 Nc4 44. Nc5 a5 45. Nd7 a4 46. Ne5+ Nxe5 47. Bxe5 Kf5 48. Kd2 Bd8 49. Bd6 Bf6 50. Ke3 Kg4 51. Bf4 Bg7 52. Bg5 Bf8 53. Ke2 Bd6 54. Bd2 Be7 55. Bf4 Bxh4 56. Bd2 Bf6 57. Be3 Bg7 58. Ke1 Kf3 59. Kf1 Bf8 60. Bd2 Bd6 61. Bg5 e3 62. Bxe3 Bxg3 63. Ke1 Bf4 0-1

[Event "Eurasia Open Cup 2019"]
[Site "Ekaterinburg"]
[Date "2019.08.06"]
[Round "6.32"]
[White "Pogorelskikh, Sergey"]
[Black "Zhukov, Ivan"]
[Result "1/2-1/2"]
[ECO "C42"]
[WhiteElo "2284"]
[BlackElo "2136"]
[Annotator "NA"]
[PlyCount "117"]
[EventDate "2019.07.31"]
[EventType "swiss"]
[EventCountry "RUS"]
[SourceTitle "playchess.com"]
[Source "ChessBase"]
[SourceQuality "1"]
[TimeControl "5400+30"]

1. e4 e5 2. Nf3 Nf6 3. Nxe5 d6 4. Nf3 Nxe4 5. Nc3 Nxc3 6. dxc3 Be7 7. Be3 Nc6 8. Qd2 Be6 9. O-O-O Qd7 10. Kb1 Bf6 11. h4 h6 12. Be2 O-O-O 13. Nd4 Bxd4 14. cxd4 d5 15. Bb5 a6 16. Ba4 b5 17. Bb3 Kb7 18. h5 Ne7 19. f3 Nf5 20. Bf4 Nd6 21. Bxd6 Qxd6 22. Rde1 Rhe8 23. g4 f6 24. c3 Bf7 25. Bc2 Rd7 26. Rxe8 Bxe8 27. a4 Re7 28. axb5 axb5 29. Re1 Bd7 30. Bd3 Kb6 31. Kc2 Rxe1 32. Qxe1 Kb7 33. Qe2 Kb6 34. Qf1 Qf4 35. Qe2 Qd6 36. Kb3 c6 37. Bg6 Kb7 38. Qe1 Qe6 39. Qf2 Qe7 40. Bd3 Kb6 41. Kc2 Kb7 42. Qh2 Bc8 43. Kd2 Bd7 44. Qg3 Bc8 45. Qg1 Bd7 46. Bf5 Bxf5 47. gxf5 Qc7 48. Kc2 Kb6 49. Kb1 Qf4 50. Qxg7 Qxf3 51. Qxh6 Qd1+ 52. Qc1 Qxh5 53. Qf1 Qg4 54. Ka2 Qe4 55. Kb3 Qg4 56. Kb4 Qe4 57. Qf2 Qd3 58. Kb3 Qd1+ 59. Ka2 1/2-1/2

[Event "Eurasia Open Cup 2019"]
[Site "Ekaterinburg"]
[Date "2019.08.06"]
[Round "6.33"]
[White "Novikov, Evgenij"]
[Black "Tsybikov, Tumen"]
[Result "1-0"]
[ECO "B23"]
[WhiteElo "2164"]
[BlackElo "2281"]
[Annotator "NA"]
[PlyCount "49"]
[EventDate "2019.07.31"]
[EventType "swiss"]
[EventCountry "RUS"]
[SourceTitle "playchess.com"]
[Source "ChessBase"]
[SourceQuality "1"]
[TimeControl "5400+30"]

1. e4 c5 2. Nc3 d6 3. d4 cxd4 4. Qxd4 Nf6 5. b3 e5 6. Qd2 Be6 7. Bb2 Be7 8. O-O-O O-O 9. Kb1 Nbd7 10. f3 a6 11. g4 b5 12. a3 Nb6 13. Nge2 Rc8 14. Ng3 Rc5 15. Nf5 Bxf5 16. gxf5 Qc7 17. Bd3 Rc8 18. Na2 Nh5 19. Rhg1 Bf6 20. Qh6 Nc4 21. Bxc4 bxc4 22. b4 c3 23. Bc1 a5 24. bxc5 Qxc5 25. Qe3 1-0

[Event "Eurasia Open Cup 2019"]
[Site "Ekaterinburg"]
[Date "2019.08.06"]
[Round "6.34"]
[White "Isanzhulov, Arystan"]
[Black "Lisimenko, Ruslan"]
[Result "1-0"]
[ECO "B94"]
[WhiteElo "2278"]
[BlackElo "2112"]
[Annotator "NA"]
[PlyCount "87"]
[EventDate "2019.07.31"]
[EventType "swiss"]
[EventCountry "RUS"]
[SourceTitle "playchess.com"]
[Source "ChessBase"]
[SourceQuality "1"]
[TimeControl "5400+30"]

1. e4 c5 2. Nf3 d6 3. d4 cxd4 4. Nxd4 Nf6 5. Nc3 a6 6. Bg5 Nbd7 7. f4 Qc7 8. Qf3 g6 9. O-O-O Bg7 10. Kb1 O-O 11. h4 h5 12. f5 Ne5 13. Qf4 e6 14. Bh6 Bd7 15. Bxg7 Kxg7 16. Nf3 b5 17. Qd2 b4 18. Qxd6 Qxd6 19. Rxd6 Nxf3 20. gxf3 bxc3 21. e5 Nd5 22. f6+ Kg8 23. Rxd7 cxb2 24. Rb7 Rfb8 25. Rxb2 Rxb2+ 26. Kxb2 Rb8+ 27. Kc1 a5 28. Bd3 Nb4 29. Kd2 Nc6 30. f4 Rb4 31. Rf1 Nb8 32. Kc3 Ra4 33. Bb5 Rb4 34. a4 Kh7 35. Kd3 Rb2 36. Rd1 Ra2 37. c3 Rh2 38. Ke4 Rxh4 39. Rd8 g5 40. Rxb8 Rxf4+ 41. Ke3 Rf5 42. Bd3 h4 43. Bxf5+ exf5 44. e6 1-0

[Event "Eurasia Open Cup 2019"]
[Site "Ekaterinburg"]
[Date "2019.08.06"]
[Round "6.35"]
[White "Polosin, Evgeni"]
[Black "Protopopova, Anastasiya"]
[Result "1-0"]
[ECO "B50"]
[WhiteElo "2153"]
[BlackElo "2272"]
[Annotator "NA"]
[PlyCount "93"]
[EventDate "2019.07.31"]
[EventType "swiss"]
[EventCountry "RUS"]
[SourceTitle "playchess.com"]
[Source "ChessBase"]
[SourceQuality "1"]
[TimeControl "5400+30"]

1. e4 c5 2. Nf3 d6 3. Bc4 Nf6 4. d3 e6 5. O-O a6 6. Bb3 Be7 7. c3 O-O 8. a4 Nc6 9. Re1 d5 10. e5 Nd7 11. Nbd2 Qc7 12. d4 cxd4 13. cxd4 Nb4 14. Nf1 Nb6 15. Ne3 Rd8 16. Qe2 Bd7 17. Bd2 Qb8 18. h4 Rc8 19. h5 h6 20. Bc3 a5 21. Nh2 Rc7 22. Nhg4 Qe8 23. Qd1 Rac8 24. f4 Rxc3 25. bxc3 Rxc3 26. Rb1 Rd3 27. Qf3 Rxd4 28. f5 Bg5 29. f6 Rf4 30. Qg3 d4 31. Nc2 d3 32. Nxb4 d2 33. Rf1 Rxb4 34. fxg7 Rxg4 35. Qxg4 Nxa4 36. Bxa4 Bxa4 37. Rxb7 Bc2 38. Rc7 d1=Q 39. Rxd1 Bxd1 40. Qxd1 Kxg7 41. Qd7 Qf8 42. Qxe6 Kg8 43. Qd7 Be3+ 44. Kf1 Kg7 45. e6 Bb6 46. e7 Qa8 47. e8=Q 1-0